 Dungeon Crawl Stone Soup version 0.29.1-1-gd02db6906a (webtiles) character file.

Game seed: 9935636128244368267

87 melkoren the Trooper (level 4, -3/60 HPs)
             Began as a Draconian Berserker on Sept 25, 2022.
             Was a Believer of Trog.
             Killed by nerve-wracking pain
             ... invoked by Grinder
              (6 damage)
             ... on level 4 of the Dungeon on Sept 26, 2022.
             The game lasted 00:05:50 (2976 turns).

melkoren the Trooper (Draconian Berserker)          Turns: 2976, Time: 00:05:51

Health: -3/60      AC:  5    Str: 17 (19) XL:     4   Next: 28%
Magic:  4/4        EV: 12    Int:  4 (7)  God:    Trog [**....]
Gold:   110        SH:  9    Dex: 11 (13) Spells: 3/3 levels left

rFire   . . .      SeeInvis .   t - +1 war axe
rCold   . . .      Faith    .   o - +1 buckler
rNeg    . . .      Spirit   .   (body armour unavailable)
rPois   .          Reflect  +   (helmet restricted)
rElec   .          Harm     .   (no cloak)
rCorr   .          Rampage  .   (no gloves)
Will    .....                   (no boots)
Stlth   ..........              d - amulet of reflection
HPRegen 0.20/turn               (no ring)
MPRegen 0.09/turn               (no ring)

@: berserking, very quick
A: AC +5, unfitting armour, cold-blooded
a: Renounce Religion, Berserk, Trog's Hand


You were on level 4 of the Dungeon.
You worshipped Trog.
Trog was pleased with you.
You visited 1 branch of the dungeon, and saw 4 of its levels.

You collected 110 gold pieces.

Inventory:

Hand Weapons
 a - a +0 hand axe
 t - a +1 war axe (weapon)
Armour
 o - a +1 buckler (worn)
Jewellery
 d - an amulet of reflection (around neck)
 w - the amulet "Pocsapt" {Spirit Fly Int+3}
   (You found it on level 3 of the Dungeon)

   [amulet of guardian spirit]

   It causes incoming damage to be divided between your reserves of health and
   magic.
   Int:       It affects your intelligence (+3).
   Fly:       It grants you flight.
Wands
 j - a wand of acid (7)
 r - a wand of digging (7)
Scrolls
 k - a scroll of noise
Potions
 b - 3 potions of flight
 f - 2 potions of brilliance
 h - a potion of ambrosia
 i - 3 potions of curing


   Skills:
 + Level 4.1 Fighting
 * Level 3.8 Axes
 + Level 3.4 Dodging
 + Level 0.5 Shields


You had 3 spell levels left.
You didn't know any spells.
Your spell library was empty.

Dungeon Overview and Level Annotations

Branches:
Dungeon (4/15)
 Temple: D:4-7

Altars:
Fedhas

Annotations:
D:4 Grinder


Innate Abilities, Weirdness & Mutations

Your plain brown scales are hard. (AC +5)
You cannot fit into any form of body armour.
You are cold-blooded and may be slowed by cold attacks.


Message History

You block Grinder's attack. Grinder hits you but does no damage.
You slash Grinder!
You tail-slap Grinder, but do no damage.
Grinder is heavily wounded.
Grinder gestures at you. You resist with significant effort.
You closely miss Grinder.
Grinder is heavily wounded.
Grinder barely misses you.
You slash Grinder!
Your tail-slap misses Grinder.
Grinder is severely wounded.
You block Grinder's attack. Grinder gestures at you.
You suddenly lose the ability to move!
Grinder hits you.
You writhe in agony.
Grinder barely misses you.
Grinder says, "Tell me all your secrets, or I'll kill you."
Grinder gestures at you. You resist with significant effort.
Grinder gestures at you. Pain shoots through your body!
* * * LOW HITPOINT WARNING * * *
You can move again.
Okay, then.
A red film seems to cover your vision as you go berserk!
You feel yourself moving faster!
You feel mighty! Grinder gestures at you.
You shrug off the repeated paralysis!
You hit Grinder.
Grinder is almost dead.
Grinder gestures at you. Pain shoots through your body!
* * * LOW HITPOINT WARNING * * *
You barely miss Grinder.
Grinder is almost dead.
You barely miss Grinder.
Grinder is almost dead.
Grinder gestures at you. Pain shoots through your body!
You die...

##### #.... ###### #..[.
####....# # ###>...
##.......# #
.......####..#.....#####
###^...@.)!.......(.....
.......5..$.############
#.#####...............##
#....≈≈.≈≈......##
...........≈#+#≈......##
.#.####...#≈# #≈......##
......≈# #≈......##
.....#§≈ ≈≈......##
..###############..


You could see Grinder.

Vanquished Creatures
  A gnoll (D:1)
  An adder (D:3)
  A worm (D:2)
  A dart slug (D:2)
  An orc (D:4)
  9 endoplasms
  3 giant cockroaches
  8 goblins
  6 hobgoblins
  2 jackals (D:4)
  3 quokkas
  6 ball pythons
  5 bats
  2 frilled lizards
  2 kobolds
  4 rats
55 creatures vanquished.

Notes
Turn   | Place    | Note
-------+----------+-------------------------------------------
     0 | D:1      | melkoren the Draconian Berserker began the quest for the
                  | Orb.
     0 | D:1      | Reached XP level 1. HP: 19/19 MP: 1/1
   135 | D:1      | Reached XP level 2. HP: 22/26 MP: 2/2
   659 | D:1      | Reached XP level 3. HP: 32/33 MP: 3/3
  1261 | D:2      | Reached ** piety under Trog
  1467 | D:2      | Found a faded altar of an unknown god.
  1572 | D:2      | Reached skill level 4 in Fighting
  2215 | D:3      | Found a blossoming altar of Fedhas.
  2260 | D:3      | Reached XP level 4. HP: 26/40 MP: 4/4
  2559 | D:3      | Identified the amulet "Pocsapt" {Spirit Fly Int+3}
  2942 | D:4      | Noticed Grinder
  2946 | D:4      | Paralysed by something for 4 turns
  2968 | D:4      | Paralysed by Grinder for 5 turns
  2974 | D:4      | HP: 2/60 [Grinder/nerve-wracking pain (12)]
  2976 | D:4      | Killed from afar by Grinder

Illustrated notes

Levels and vault maps discovered:
D:1:      erik_arrival_blinker_ship, layout_basic
D:2:      layout_loops_cross, hellmonk_ecumenical_altar_inner_sanctum
D:3:      layout_rooms, mainiacjoe_overflow_alcove_2
D:4:      layout_rooms, kennysheep_mini_moat, uniq_pikel, uniq_blork_the_orc,
          uniq_sigmund, uniq_grinder

Skill      XL: |  1  2  3 |
---------------+----------+-----
Dodging        | 3 |  3.4
Fighting       | 4 |  4.1
Axes           | |  3.8
Shields        | |  0.5

Action                   |  1- 3 |  4- 6 || total
-------------------------+-------+-------++-------
Melee: Hand axe          |   136 |       ||   136
       Tailslap          |     9 |     3 ||    12
       Punch             |     1 |       ||     1
       War axe           |       |    23 ||    23
Invok: Berserk           |       |     1 ||     1
  Use: Scroll            |       |    10 ||    10
       Potion            |       |     6 ||     6
 Stab: Sleeping          |     2 |       ||     2
Armor: Skin              |    28 |     3 ||    31
Dodge: Dodged            |    66 |     5 ||    71
Block: Other             |    21 |       ||    21
       Buckler           |    18 |    11 ||    29
